 Dungeon Crawl Stone Soup version 0.18.1-5-g4a78601 (webtiles) character file.

119 Gorice the Skirmisher (level 5, 0/33 HPs)
             Began as a Tengu Transmuter on May 14, 2016.
             Succumbed to a worker ant's poison
             ... on level 4 of the Dungeon.
             The game lasted 00:12:39 (3677 turns).

Gorice the Skirmisher (Tengu Transmuter)            Turns: 3677, Time: 00:12:40

Health: 0/33       AC:  5    Str:  9 (11) XL:     5   Next: 3%
Magic:  9/9        EV: 11    Int:  9 (11) God:
Gold:   116        SH:  0    Dex: 12 (15) Spells: 1 memorised, 7 levels left

rFire  + . .     SeeInvis .     a - +3 short sword (holy)
rCold  . . .     Gourm    .     e - +0 ring mail
rNeg   . . .     Faith    .     (no shield)
rPois  .         Spirit   .     (helmet restricted)
rElec  .         Dismiss  .     (no cloak)
rCorr  .         Reflect  .     (no gloves)
SustAt .         Harm     .     (boots unavailable)
MR     .....     Rnd*Rage +     (no amulet)
Stlth  +.........               (no ring)
                                (no ring)

@: lethally poisoned (0 -> -14), not resistant to hostile enchantments, very
unstealthy
A: beak, talons 3, berserk 1, dopey 1, fire resistance 1, able to fly 1
a: Fly


You were on level 4 of the Dungeon.
You were hungry.

You visited 1 branch of the dungeon, and saw 4 of its levels.

You collected 116 gold pieces.

Inventory:

Hand Weapons
 a - a +3 short sword of holy wrath (weapon)
   (You took it off a kobold on level 1 of the Dungeon)
 p - a +0 trident
 B - a +0 blowgun
Missiles
 f - 36 poisoned needles
 g - 50 bolts
 h - 26 arrows
 j - a silver tomahawk (quivered)
 q - 19 sling bullets
 s - 4 needles of confusion
 Z - 63 stones
Armour
 b - a +0 robe
 e - a +0 ring mail (worn)
 t - a +0 scale mail
Wands
 n - a wand of digging (19/24)
Scrolls
 k - a scroll of fear {!r}
 o - a scroll of fog {unknown}
 r - a scroll of immolation {!r}
 Y - 3 scrolls of identify {unknown}
Potions
 i - a potion of agility {unknown}
 l - a potion of cure mutation {unknown}
 m - a potion of mutation {!q}
 u - a potion of degeneration {!q}
 v - 2 potions of haste {unknown}
Books
 c - a book of Changes
Comestibles
 d - a bread ration {!e}
 w - 2 chunks of flesh


   Skills:
 * Level 3.9 Fighting
 + Level 3.4 Dodging
 - Level 3.2 Unarmed Combat
 - Level 2.0 Spellcasting
 - Level 1.5 Transmutations


You had 7 spell levels left.
You knew the following spells:

 Your Spells              Type           Power        Failure   Level  Hunger
a - Beastly Appendage     Trmt           #.....       52%         1    ##.....


Dungeon Overview and Level Annotations

Branches:
Dungeon (4/15)
 Temple: D:4-7

Altars:
Cheibriados
Dithmenos
Fedhas
Nemelex Xobeh
Sif Muna

Shops:
D:4 %

Annotations:
D:3 Gorice's ghost, weakling TeTm


Innate Abilities, Weirdness & Mutations

You have a beak for a mouth.
You have claws for feet.
You can fly.
You tend to lose your temper in combat.
You are dopey. (Int -2)
Your flesh is heat resistant.


Message History

Damage: 3 (max 3)
You are feeling hungry.
You hit the worker ant but do no damage.
You claw the worker ant, but do no damage.
The worker ant is lightly wounded.
The worker ant bites you but does no damage.
You hit the worker ant.
The worker ant is moderately wounded.
The worker ant bites you.
Damage: 1 (max 3)
You barely miss the worker ant. You peck the worker ant.
The worker ant is moderately wounded.
The worker ant bites you.
You are poisoned.
The worker ant poisons you! The worker ant misses you.
Damage: 1 (max 3)
You hit the worker ant.
The worker ant is heavily wounded.
You feel sick. The worker ant bites you!
You are more poisoned.
The worker ant poisons you!
Damage: 8 (max 8)
You closely miss the worker ant. Your kick misses the worker ant.
The worker ant is heavily wounded.
You feel sick. The worker ant bites you.
* * * LOW HITPOINT WARNING * * *
Damage: 5 (max 8) Unknown command.
You hit the worker ant but do no damage.
Your kick misses the worker ant.
The worker ant is heavily wounded.
You feel sick. The worker ant bites you.
* * * LOW HITPOINT WARNING * * *
You are lethally poisoned!
The worker ant poisons you!
Damage: 4 (max 8) Drink which item? (? for menu, Esc to quit)
It was a potion of mutation.
You feel extremely strange.
You feel a little pissed off.
You feel stupid.
You feel resistant to heat.
* * * LOW HITPOINT WARNING * * *
You feel sick. The worker ant bites you.
* * * LOW HITPOINT WARNING * * *
The worker ant bites you.
* * * LOW HITPOINT WARNING * * *
Damage: 10 (max 10) Drink which item? (? for menu, Esc to quit)
It was a potion of degeneration.
There was something very wrong with that liquid.
You feel weakened.
You feel dopey.
You feel clumsy.
You die...

##............
######.#...### ..#
######.#...# ..#
...........######..##
######..........#...#
.......#............#
###.##.##.#####.#...##.#
# #.##.# #.#......#
#.##.#####.@.....#
#.##.......a.##.##
#.##.............
#.##########(###.. (# .#
.# .#


You could see a worker ant.

Vanquished Creatures
  3 adders
  An ooze (D:2)
  A worm (D:2)
  5 dart slugs
  A giant gecko (D:2)
  4 orcs
  8 bats
  2 giant cockroaches (D:3)
  5 goblins
  12 hobgoblins
  7 jackals (D:2)
  2 quokkas
  2 ball pythons
  2 giant newts (D:1)
  7 kobolds
  4 rats
66 creatures vanquished.

Notes
Turn   | Place    | Note
--------------------------------------------------------------
     0 | D:1      | Gorice the Tengu Transmuter began the quest for the Orb.
     0 | D:1      | Reached XP level 1. HP: 12/12 MP: 4/4
   104 | D:1      | Reached XP level 2. HP: 7/17 MP: 3/6
   127 | D:1      | HP: 2/17 [kobold/short sword of holy wrath (6)]
   460 | D:1      | Reached skill level 2 in Fighting
   645 | D:1      | HP: 3/17 [hobgoblin (5)]
   934 | D:1      | Reached XP level 3. HP: 17/22 MP: 7/7
  1476 | D:2      | Reached skill level 3 in Fighting
  1814 | D:2      | Reached XP level 4. HP: 28/28 MP: 6/8
  2287 | D:2      | Reached skill level 3 in Dodging
  2433 | D:3      | Noticed Gorice's ghost (weakling TeTm)
  2493 | D:3      | Found a blossoming altar of Fedhas.
  2549 | D:3      | Found a sparkling altar of Nemelex Xobeh.
  2626 | D:3      | Found a deep blue altar of Sif Muna.
  2636 | D:3      | Found a shadowy altar of Dithmenos.
  2637 | D:3      | Found a snail-covered altar of Cheibriados.
  3543 | D:4      | Found Wakhip's Food Emporium.
  3559 | D:4      | Gained mutation: You can fly. [Tengu growth]
  3559 | D:4      | Reached XP level 5. HP: 30/33 MP: 9/9
  3676 | D:4      | Gained mutation: You tend to lose your temper in combat. [potion of mutation]
  3676 | D:4      | Gained mutation: You are dopey. (Int -2) [potion of mutation]
  3676 | D:4      | Gained mutation: Your flesh is heat resistant. [potion of mutation]
  3676 | D:4      | HP: 6/33 [worker ant (4)]
  3676 | D:4      | HP: 1/33 [worker ant (5)]
  3677 | D:4      | Succumbed to a worker ant's poison

Skill      XL: |  1  2  3  4 |
---------------+-------------+-----
Fighting       | 2 3 |  3.9
Dodging        | 3 |  3.4
Unarmed Combat | |  3.2
Spellcasting   | |  2.0
Transmutations | |  1.5

Action                   |  1- 3 |  4- 6 || total
-------------------------+-------+-------++-------
Melee: Unarmed           |    24 |       ||    24
       Kick              |    17 |    17 ||    34
       Headbutt          |    13 |     1 ||    14
       Peck              |     8 |    11 ||    19
       Short sword       |    71 |    95 ||   166
       Punch             |       |     1 ||     1
 Fire: Blowgun           |       |     5 ||     5
Throw: Stone             |     2 |       ||     2
       Tomahawk          |       |    13 ||    13
 Cast: Beastly Appendage |    21 |     3 ||    24
  Use: Scroll            |     2 |     5 ||     7
       Potion            |       |     2 ||     2
 Stab: Sleeping          |     3 |       ||     3
  Eat: Chunk             |     3 |     6 ||     9
Armor: Robe              |    25 |    16 ||    41
       Ring mail         |       |     6 ||     6
Dodge: Dodged            |    81 |    82 ||   163

Table legend:
 A = Turns spent in this place as a percentage of turns spent in the entire game.
 B = Non-inter-level travel turns spent in this place as a percentage of non-inter-level travel turns spent in the entire game.
 C = Inter-level travel turns spent in this place as a percentage of turns spent in this place.
 D = Turns resting spent in this place as a percentage of non-inter-level travel turns spent in this place.
 E = Turns spent auto-exploring this place as a percentage of non-inter-level travel turns spent in this place.
 F = Non-inter-level travel turns spent in this place divided by the number of levels of this place that you've seen.
                   A       B       C       D       E      F
               +-------+-------+-------+-------+-------+----------------------
         Total | 100.0 | 100.0 |   0.6 |   2.6 |   5.9 | 276.0
       Dungeon | 100.0 | 100.0 |   0.6 |   2.6 |   5.9 | 276.0
               +-------+-------+-------+-------+-------+----------------------

Vault maps used:
D:1:      scummos_arrival_simple_fountains, minmay_misc_feat_five
D:3:      fedhas_altar_2, lemuel_crystal_altar, minitemple
D:4:      grunt_temple_overflow_diamond, serial_shops, kennysheep_mini_moat,
          first_bread
